 Dungeon Crawl Stone Soup version 0.29-a0-495-g17b79114eb (webtiles) character file.

Game seed: 2786684277018877782

5965 quinnr the Stormcaller (level 10, -3/56 HPs)
             Began as a Tengu Air Elementalist on May 27, 2022.
             Was a Priest of Sif Muna.
             Slain by a troll (19 damage)
             ... on level 8 of the Dungeon.
             The game lasted 00:21:27 (11481 turns).

quinnr the Stormcaller (Tengu Air Elementalist)    Turns: 11481, Time: 00:21:28

Health: -3/56      AC:  2    Str:  9    XL:     10   Next: 84%
Magic:  25/25      EV: 16    Int: 20    God:    Sif Muna [***...]
Gold:   526        SH:  5    Dex: 14    Spells: 3/15 levels left

rFire   . . .      SeeInvis .   (no weapon)
rCold   . . .      Faith    .   h - +0 buckler
rNeg    . . .      Spirit   .   a - +0 robe
rPois   .          Reflect  .   (helmet restricted)
rElec   .          Harm     .   (no cloak)
rCorr   .          Rampage  .   (no gloves)
Will    .....                   (boots unavailable)
Stlth   ++........              w - amulet of magic regeneration
HPRegen 0.18/turn               d - ring of magical power
MPRegen 0.59/turn               t - +4 ring of slaying

@: lethally poisoned (-3 -> -14), flying quickly and evasively, quick
A: beak, talons 3, nimble flight
a: Renounce Religion, Channel Magic, Forget Spell


You were on level 8 of the Dungeon.
You worshipped Sif Muna.
Sif Muna was most pleased with you.
You visited 2 branches of the dungeon, and saw 10 of its levels.

You collected 562 gold pieces.
You spent 36 gold pieces at shops.

Inventory:

Hand Weapons
 C - a +1 dagger of distortion
Armour
 a - a +0 robe (worn)
 h - a +0 buckler (worn)
Jewellery
 d - a ring of magical power (left hand)
 i - a ring of flight
 q - a ring of fire
 t - a +4 ring of slaying (right hand)
 w - an amulet of magic regeneration (around neck)
 y - a +6 ring of dexterity
 O - a +6 ring of dexterity
 Q - an amulet of guardian spirit
Wands
 n - a wand of charming (8)
 z - a wand of acid (7)
 D - a wand of flame (24)
 G - a wand of digging (7)
 H - a wand of iceblast (8)
 K - a wand of mindburst (16)
 L - a wand of polymorph (11)
 N - a wand of paralysis (6)
Scrolls
 c - 4 scrolls of blinking {unknown}
 f - a scroll of immolation {unknown}
 l - 7 scrolls of teleportation {unknown}
 o - 2 scrolls of fear {unknown}
 r - 2 scrolls of fog
 v - 2 scrolls of enchant armour {unknown}
 A - 3 scrolls of enchant weapon {unknown}
 F - a scroll of summoning {unknown}
 I - 2 scrolls of identify
 J - a scroll of torment {unknown}
Potions
 b - 2 potions of magic
 e - 3 potions of might
 g - a potion of mutation {unknown}
 j - 6 potions of curing
 k - a potion of haste
 p - a potion of brilliance
 u - a potion of berserk rage {unknown}
 x - a potion of flight {unknown}
 B - a potion of ambrosia
 E - 2 potions of cancellation
 M - a potion of resistance {unknown}
 P - a potion of attraction {unknown}


   Skills:
 - Level 4.0 Fighting
 + Level 4.9 Dodging
 - Level 2.0 Stealth
 - Level 4.0 Shields
 + Level 3.4 Spellcasting
 - Level 5.0 Conjurations
 + Level 15.5 Air Magic
 - Level 4.0 Invocations
 - Level 4.0 Evocations


You had 3 spell levels left.
You knew the following spells:

 Your Spells              Type           Power      Damage    Failure   Level
a - Shock                 Conj/Air       100%       1d9       1%          1
b - Static Discharge      Conj/Air       44%        N/A       1%          2
c - Airstrike             Air            30%        N/A       1%          4
d - Lightning Bolt        Conj/Air       22%        1d37      7%          5

Your spell library contained the following spells:

 Spells                   Type           Power      Damage    Failure   Level
 Swiftness                Air            60%        N/A       1%          3
 Confusing Touch          Hex            3%         N/A       45%         3
 Frozen Ramparts          Ice            6%         1d2       45%         3
 Ice Form                 Ice/Tmut       3%         N/A       86%         4
 Summon Ice Beast         Ice/Summ       3%         N/A       86%         4
 Maxwell's Capacitive Co  Air            30%        ∞         89%         8
 Yara's Violent Unravell  Hex/Tmut       1%         3d3       99%         5
 Enfeeble                 Hex            1%         N/A       100%        7


Dungeon Overview and Level Annotations

Branches:
Dungeon (9/15)             Temple (1/1) D:4            Lair (0/6) D:9
    Orc (0/2) D:9

Altars:
Cheibriados
Dithmenos
Elyvilon
Fedhas
Gozag
Kikubaaqudgha
Makhleb
Nemelex Xobeh
Okawaru
Qazlal
Ru
Sif Muna
Trog
Uskayaw
Vehumet
Wu Jian
Xom
Yredelemnul
Zin
The Shining One

Shops:
D:2 *   D:6 :   D:9 *


Innate Abilities, Weirdness & Mutations

You have a beak for a mouth.
You have claws for feet.
Your magical nature lets you fly swiftly and evasively.


Message History

You feel sick. The killer bee closely misses you. The killer bee stings you. x2
You are more poisoned.
The killer bee poisons you! The killer bee stings you.
You are more poisoned.
The killer bee poisons you! The troll bites you! The troll barely misses you.
The troll completely misses you.
You fly upwards.
You feel extremely sick.
There is a stone staircase leading down, spattered with blood here.
Okay, then.
Okay, then.
As you read the scroll labelled XOALUN MASAMOR, it crumbles to dust.
You feel momentarily disoriented.
It was a scroll of magic mapping.
You feel very sick. The killer bee stings you.
The killer bee completely misses you. The killer bee misses you.
The killer bee closely misses you.
The troll closely misses you. x2; The troll claws you!
* * * LOW HITPOINT WARNING * * *
Unknown command.
Unknown command.
Unknown command.
You feel much better.
You feel very sick. The killer bee stings you. The killer bee misses you. x2
The killer bee stings you.
You are more poisoned.
The killer bee poisons you! The troll bites you!
* * * LOW HITPOINT WARNING * * *
You block the troll's attack. The troll claws you.
* * * LOW HITPOINT WARNING * * *
Unknown command.
Unknown command.
Okay, then.
You feel better. The killer bee stings you.
* * * LOW HITPOINT WARNING * * *
You are poisoned.
The killer bee poisons you! The killer bee misses you.
You block the killer bee's attack. The killer bee barely misses you.
The troll bites you!!
You die...

#.......)##########...≈≈.
##.......##.......#......
#.......###.######......
#.......# #.######......
#.......# #.#....#......
####.#'####.#...##...._)
#........#.........♣.
#)##Ty.......##......
#)##@y.....(..#######
#)########).....#
#.......##......#
####....##......#
#....######### #....#
#....# ####....#
#<......#


You could see a troll and 2 killer bees.

Vanquished Creatures
  A two-headed ogre (D:7)
  Pikel (D:4)
  A komodo dragon (D:9)
  A troll (D:8)
  A hornet (D:9)
  Grinder (D:4)
  Grum (D:8)
  A steam dragon (D:9)
  A water moccasin (D:9)
  Duvessa (D:5)
  3 orc warriors
  2 ice beasts (D:4)
  2 sky beasts
  3 ogres
  3 wolves (D:8)
  A centaur (D:5)
  2 phantoms
  2 lemures (D:4)
  A kobold brigand (D:9)
  2 bullfrogs
  A necrophage (D:7)
  6 scorpions
  9 wights
  Dowan (D:5)
  6 killer bees
  3 howler monkeys (D:9)
  An iron imp (D:8)
  2 jellies
  An orc priest (D:9)
  A hound (D:6)
  A gnoll shaman (D:8)
  2 iguanas (D:5)
  7 orc wizards
  A hound zombie (D:2)
  5 gnolls (D:8)
  8 adders
  An ufetubus (D:4)
  2 adder skeletons (D:2)
  2 worms (D:2)
  4 dart slugs
  34 orcs
  6 ball pythons
  8 endoplasms
  4 giant cockroaches (D:4)
  6 goblins
  11 hobgoblins
  9 jackals
  9 kobolds
  8 quokkas
  4 bats
  3 frilled lizards
  5 rats
202 creatures vanquished.

Vanquished Creatures (others)
  31 plants
  3 withered plants (D:2)
34 creatures vanquished.

Grand Total: 236 creatures vanquished

Notes
Turn   | Place    | Note
-------+----------+-------------------------------------------
     0 | D:1      | quinnr the Tengu Air Elementalist began the quest for the
                  | Orb.
     0 | D:1      | Reached XP level 1. HP: 10/10 MP: 4/4
   271 | D:1      | Reached XP level 2. HP: 15/15 MP: 0/6
   520 | D:1      | Reached skill level 5 in Air Magic
  1215 | D:1      | Reached XP level 3. HP: 19/19 MP: 2/7
  1535 | D:2      | Found Onimmeezo's General Store.
  1538 | D:2      | Bought a potion of curing for 36 gold pieces
  1790 | D:2      | Reached skill level 6 in Air Magic
  2038 | D:2      | Reached XP level 4. HP: 21/24 MP: 3/8
  2250 | D:2      | Learned a level 2 spell: Static Discharge
  2382 | D:2      | Reached skill level 7 in Air Magic
  3115 | D:3      | Found a blossoming altar of Fedhas.
  3153 | D:3      | Gained mutation: Your magical nature lets you fly swiftly
                  | and evasively. [Tengu growth]
  3153 | D:3      | Reached XP level 5. HP: 12/28 MP: 1/9
  3421 | D:3      | Reached skill level 8 in Air Magic
  4144 | D:3      | Found a sacrificial altar of Ru.
  4144 | D:3      | Found a shimmering altar of Xom.
  4213 | D:4      | Reached XP level 6. HP: 32/32 MP: 10/10
  4319 | D:4      | Noticed Grinder
  4490 | D:4      | Found a staircase to the Ecumenical Temple.
  4522 | Temple   | Entered the Ecumenical Temple
  4646 | Temple   | Became a worshipper of Sif Muna the Loreminder
  4873 | D:4      | Reached skill level 9 in Air Magic
  4897 | D:4      | HP: 3/32 [killer bee (6)]
  4901 | D:4      | Reached XP level 7. HP: 23/36 MP: 5/11
  5169 | D:4      | Reached skill level 10 in Air Magic
  5259 | D:4      | Noticed Pikel
  5275 | D:4      | Killed Pikel
  5276 | D:4      | Reached skill level 12 in Air Magic
  5276 | D:4      | Reached XP level 8. HP: 9/41 MP: 5/12
  5706 | D:4      | Killed Grinder
  5960 | D:4      | Reached skill level 13 in Air Magic
  6075 | D:5      | Entered Level 5 of the Dungeon
  6075 | D:5      | Noticed Duvessa
  6075 | D:5      | Noticed Dowan
  6223 | D:4      | Learned a level 4 spell: Airstrike
  6442 | D:5      | Reached * piety under Sif Muna
  6680 | D:5      | Reached skill level 14 in Air Magic
  6928 | D:5      | Found a stormy altar of Qazlal.
  6965 | D:5      | Reached XP level 9. HP: 45/45 MP: 13/13
  7157 | D:5      | Reached skill level 1 in Fighting
  7157 | D:5      | Reached skill level 1 in Shields
  7302 | D:5      | Reached skill level 1 in Evocations
  7327 | D:5      | Killed Duvessa
  7328 | D:5      | Reached skill level 1 in Invocations
  7329 | D:5      | Killed Dowan
  7557 | D:6      | Learned a level 5 spell: Lightning Bolt
  7613 | D:6      | Found Pouptov's Self-Improvement Boutique.
  7915 | D:6      | Found a radiant altar of Vehumet.
  8175 | D:7      | Noticed a two-headed ogre
  8736 | D:7      | Killed a two-headed ogre
  8737 | D:7      | Reached skill level 15 in Air Magic
  8737 | D:7      | Reached XP level 10. HP: 47/56 MP: 5/14
  9221 | D:8      | Noticed Grum
  9304 | D:8      | Found a snail-covered altar of Cheibriados.
  9769 | D:8      | Reached ** piety under Sif Muna
  9772 | D:8      | Killed Grum
  9823 | D:8      | Found an ornate altar of the Wu Jian Council.
 10062 | D:8      | HP: 5/56 [poisoned by a killer bee]
 10727 | D:9      | Reached skill level 5 in Conjurations
 10748 | D:9      | Found a staircase to the Orcish Mines.
 10813 | D:9      | Found a staircase to the Lair.
 10856 | D:9      | Found an iron altar of Okawaru.
 10980 | D:9      | Found Ybraskuz's Serpentskin Sales.
 10981 | D:9      | Reached *** piety under Sif Muna
 11481 | D:8      | Slain by a troll

Illustrated notes

Levels and vault maps discovered:
D:1:      lightli_arrival_statuegarden, layout_loops_ring,
          corexii_leaking_fountain
D:2:      layout_loops_cross, serial_shops, nicolae_shop_trees, serial_undead,
          serial_undead_f, serial_undead_b, serial_undead_a, serial_undead_d,
          minmay_octomino_e4
D:3:      layout_basic, fedhas_altar_1, gammafunk_temple_overflow_wave,
          serial_bayou_lake_a
D:4:      layout_basic, minmay_temple_entry_mini_moons,
          minmay_misc_feat_four_crosses, hangedman_decor_lopped, uniq_pikel,
          uniq_grinder
D:5:      layout_basic, mainiacjoe_overflow_alcove_2, uniq_duvessa
D:6:      layout_rooms, vehumet_crystals, minmay_tree_intersection,
          nicolae_shop_self_help
D:7:      layout_basic, serial_glass, glass_columns_b, glass_columns_a,
          item_on_display_a, feat_on_display
D:8:      layout_basic, nzn_wu_jian_contemplation, slow_altar_1, uniq_grum
D:9:      layout_rooms, mainiacjoe_overflow_tiny_flanked, lair_entry_dummy,
          hiddenorc1_lemuel, guppyfry_shop_venom
Temple:   minmay_temple_bridge_abc

Skill      XL: |  1  2  3  4  5  6  7  8  9 10 |
---------------+-------------------------------+-----
Air Magic      | 5 6 7 8 9 12 14 15 | 15.5
Dodging        | 3 4 |  4.9
Fighting       | 3 4 |  4.0
Shields        | 3 4 |  4.0
Evocations     | 3 4 |  4.0
Invocations    | 2 4 |  4.0
Conjurations   | 4 5 |  5.0
Spellcasting   | 3 |  3.4
Stealth        | |  2.0

Action                   |  1- 3 |  4- 6 |  7- 9 | 10-12 || total
-------------------------+-------+-------+-------+-------++-------
Melee: Unarmed           |     5 |     8 |       |       ||    13
       Kick              |     1 |     3 |       |       ||     4
       Peck              |       |     2 |       |       ||     2
 Cast: Shock             |    80 |   122 |   117 |    63 ||   382
       Static Discharge  |       |    10 |    12 |     7 ||    29
       Airstrike         |       |       |    39 |    55 ||    94
       Lightning Bolt    |       |       |     5 |    12 ||    17
Evoke: Wand              |       |       |     2 |     1 ||     3
  Use: Potion            |       |     2 |       |     2 ||     4
       Scroll            |       |     5 |     2 |     1 ||     8
 Stab: Sleeping          |     1 |       |       |       ||     1
Armor: Robe              |     2 |     6 |     1 |     5 ||    14
Dodge: Dodged            |    10 |    34 |    23 |    39 ||   106
Block: Buckler           |       |       |       |    10 ||    10

Table legend: (Time is in decaauts)
 A = Elapsed time spent in this place.
 B = Non-inter-level travel time spent in this place.
 C = Inter-level travel time spent in this place.
 D = Time resting spent in this place.
 E = Time spent auto-exploring this place.
 F = Levels seen in this place.
 G = Mean time per level.
                   A        B        C        D        E       F      G
               +--------+--------+--------+--------+--------+-----+--------+
         Total |  11101 |  10689 |    412 |   1489 |   7683 |  10 | 1110.1 |
       Dungeon |  10969 |  10577 |    392 |   1489 |   7594 |   9 | 1218.8 |
        Temple |    131 |    112 |     19 |      0 |     89 |   1 |  131.0 |
               +--------+--------+--------+--------+--------+-----+--------+

Top non-repeatable levels by time:
     D:4: 1951 daAuts
     D:1: 1521 daAuts
     D:2: 1352 daAuts
     D:3: 1271 daAuts
     D:8: 1250 daAuts
     D:5: 1101 daAuts
     D:6: 884 daAuts
     D:7: 832 daAuts
     D:9: 805 daAuts
  Temple: 131 daAuts
